 Dungeon Crawl Stone Soup version 0.30.0-15-g856e2d3f33 (webtiles) character file.

Game seed: 559634254763079092

323 oldmanjim the Ruffian (level 6, 0/53 HPs)
             Began as a Troll Warper on May 18, 2023.
             Was a Believer of Hepliaklqana.
             Slain by a goblin
             ... wielding a +0 club
              (3 damage)
             ... on level 4 of the Dungeon.
             The game lasted 00:07:02 (1611 turns).

oldmanjim the Ruffian (Troll Warper)                Turns: 1611, Time: 00:07:03

Health: 0/53       AC:  8    Str: 20    XL:     6   Next: 23%
Magic:  8/8        EV: 10    Int: 11    God:    Hepliaklqana [**....]
Gold:   119        SH:  0    Dex:  9    Spells: 9/9 levels left

rFire   . .          .
                       - Unarmed
rCold   . . .        (no shield)
rNeg    . . .        a - +0 robe
rPois   .            (helmet restricted)
rElec   .            (no cloak)
rCorr   .            (gloves unavailable)
SInv    .            (boots unavailable)
Will    .....        (no amulet)
Stlth   +            j - +4 ring of slaying
HPRegen 1.08/turn    i - +4 ring of protection
MPRegen 0.11/turn

%: no passive effects
@: no status effects
A: reduced essence, large, unfitting armour, claws 3, regeneration 1, shaggy fur
1, tough skin 1
a: Renounce Religion, Recall Ancestor, Ancestor Identity


You were on level 4 of the Dungeon.
You worshipped Hepliaklqana.
Hepliaklqana was pleased with you.
You visited 1 branch of the dungeon, and saw 5 of its levels.

You collected 119 gold pieces.

Inventory:

Missiles
 c - 7 boomerangs of dispersal (quivered)
 f - 11 stones
 k - 6 poisoned darts
Armour
 a - a +0 robe (worn)
 l - a +0 tower shield
Jewellery
 i - a +4 ring of protection (right claw)
 j - a +4 ring of slaying (left claw)
 n - a ring of fire
Scrolls
 e - a scroll of amnesia {unknown}
 h - a scroll of identify {unknown}
 o - a scroll of butterflies {unknown}
 p - a scroll of teleportation {unknown}
Potions
 d - a potion of haste {unknown}
 g - a potion of heal wounds {unknown}
 m - 2 potions of curing
 q - a potion of ambrosia {unknown}
 r - a potion of magic {unknown}


   Skills:
 + Level 2.5 Fighting
 + Level 2.2 Throwing
 + Level 2.8 Dodging
 + Level 3.2 Unarmed Combat
 + Level 2.0 Spellcasting
 + Level 2.9 Translocations


You had 9 spell levels left.
You didn't know any spells.
Your spell library contained the following spells:

 Spells                   Type           Power      Damage    Failure   Level
 Blink                    Tloc           14%        N/A       13%         2
 Lesser Beckoning         Tloc           14%        N/A       13%         2
 Teleport Other           Tloc           7%         N/A       26%         3
 Vhi's Electric Charge    Tloc/Air       8%         N/A       43%         3
 Manifold Assault         Tloc           7%         N/A       63%         4
 Storm Form               Tmut/Air       0%         N/A       100%        7


Dungeon Overview and Level Annotations

Branches:
Dungeon (5/15)
 Temple: D:4-7

Altars:
Hepliaklqana


Innate Abilities, Weirdness & Mutations

Your life essence is reduced to manifest your ancestor. (-10% HP)
You are too large for most types of armour.
You have claws for hands.
Your natural rate of healing is unusually fast.
You are covered in fur. (AC +1)
You have tough skin. (AC +1)


Message History

* * * LOW HITPOINT WARNING * * *
You are lethally poisoned!
The killer bee poisons you!
It was a potion of curing.
You feel better. The killer bee stings you.
* * * LOW HITPOINT WARNING * * *
You are poisoned.
The killer bee poisons you! The killer bee stings you.
* * * LOW HITPOINT WARNING * * *
Blink to where?
Press: ? - help, Dir - move target
Okay, then.
Blink to where?
Press: ? - help, Dir - move target
Found a stone staircase leading up.
As you read the scroll of blinking, it crumbles to dust.
You feel sick.
You feel sick.
You feel sick.
You feel sick.
You feel sick.
Found 14 gold pieces, a sling and 6 stones.
You feel sick.
There is a stone staircase leading up here.
You feel sick. The killer bee stings you.
* * * LOW HITPOINT WARNING * * *
The killer bee misses you.
You climb upwards.
The goblin shouts!
You feel sick.
You are no longer poisoned.
There is a stone staircase leading down here.
You completely miss the killer bee.
The killer bee is almost dead.
The killer bee completely misses you. The killer bee stings you.
* * * LOW HITPOINT WARNING * * *
You barely miss the killer bee.
The killer bee is almost dead.
The killer bee misses you. The killer bee barely misses you.
The goblin hits you with a +0 club.
You die...

#######
#.....#
#.@...#
#.yg..#
#.....#
#.....#
+.....#
#.....#
#+#####


You could see a killer bee and a goblin.

Vanquished Creatures
  An ice beast (D:3)
  3 killer bees (D:5)
  An iguana (D:5)
  An adder (D:3)
  A dart slug (D:1)
  An orc (D:3)
  3 bats
  8 endoplasms
  A giant cockroach (D:2)
  4 goblins
  3 hobgoblins
  3 kobolds
  2 quokkas (D:1)
  5 ball pythons (D:1)
  3 frilled lizards
  A rat (D:2)
41 creatures vanquished.

Vanquished Creatures (collateral kills)
  2 adders (D:2)
  A giant cockroach (D:3)
  A goblin (D:2)
  A hobgoblin (D:2)
5 creatures vanquished.

Vanquished Creatures (others)
  A battlemage (D:3)
1 creature vanquished.

Grand Total: 47 creatures vanquished

Notes
Turn   | Place    | Note
-------+----------+-------------------------------------------
     0 | D:1      | oldmanjim the Troll Warper began the quest for the Orb.
     0 | D:1      | Reached XP level 1. HP: 19/19 MP: 1/1
   133 | D:1      | Reached skill level 1 in Throwing
   268 | D:1      | Reached XP level 2. HP: 28/28 MP: 2/2
   644 | D:1      | Found a faded altar of an unknown god.
   985 | D:1      | Prayed at the altar of an unknown god.
   985 | D:1      | Became a worshipper of Hepliaklqana the Forgotten
   985 | D:1      | Reached * piety under Hepliaklqana
  1036 | D:2      | Reached XP level 3. HP: 30/31 MP: 4/4
  1350 | D:2      | Reached ** piety under Hepliaklqana
  1351 | D:2      | Remembered your ancestor Nindada as a battlemage
  1432 | D:3      | Noticed an ice beast
  1439 | D:3      | Killed an ice beast
  1440 | D:3      | Reached XP level 4. HP: 37/37 MP: 5/5
  1440 | D:3      | Reached XP level 5. HP: 44/44 MP: 6/6
  1558 | D:3      | You fall into a shaft and drop 2 floors!
  1558 | D:5      | Entered Level 5 of the Dungeon
  1578 | D:5      | Reached skill level 3 in Unarmed Combat
  1584 | D:5      | Reached XP level 6. HP: 26/53 MP: 6/8
  1610 | D:4      | HP: 2/53 [killer bee (5)]
  1611 | D:4      | Slain by a goblin

Illustrated notes

Levels and vault maps discovered:
D:1:      ncdulo_halloftheorcs, layout_loops_corners, basic_ecumenical_altar,
          minmay_misc_feat_ornament
D:2:      layout_rooms
D:3:      minmay_angry_zag, layout_loops_ring
D:4:      layout_gridville, old_standard_altar, lemuel_round_altar,
          gammafunk_ghost_smash, serial_shops, nicolae_shop_hallway_plus
D:5:      layout_loops_ring, mainiacjoe_overflow_24_doors,
          amcnicky_mini_pool_small, chequers_serial_rivers_room_b

Skill      XL: |  1  2  3  4  5 |
---------------+----------------+-----
Throwing       | 1 2 |  2.2
Dodging        | 2 |  2.8
Fighting       | 2 |  2.5
Unarmed Combat | 3 |  3.2
Spellcasting   | 2 |  2.0
Translocations | |  2.9

Action                     |  1- 3 |  4- 6 || total
---------------------------+-------+-------++-------
  Melee: Unarmed           |   106 |    44 ||   150
         Punch             |     1 |       ||     1
 Invoke: Ancestor Life: Ba |     1 |       ||     1
    Use: Scroll            |       |     1 ||     1
         Potion            |       |     1 ||     1
   Stab: Sleeping          |     2 |       ||     2
 Armour: Robe              |    30 |    21 ||    51
  Dodge: Dodged            |    46 |    31 ||    77
